[ AOE2 MATCH · #506257044 ]
UnrankedEthiopians vs Georgians
Rival team · LOSS
[ REPLAY ANALYSIS · EXTRACTED FROM THE RECORDED GAME ]
Feudal
9:31
Castle
24:12
Imperial
—
| APM avg | 80.4 |
| APM peak | 126 |
| eAPM avg | 22.3 |
| Villagers / military | 53 / 43 |
Focus
⚔️ 43.3% · 🌾 56.7%
Archer ×34 · Scout Cavalry ×5 · Mangonel ×2 · Knight ×1 · Spearman ×1
Feudal
10:30
Castle
21:31
Imperial
—
| APM avg | 33.7 |
| APM peak | 63 |
| eAPM avg | 15.7 |
| Villagers / military | 40 / 39 |
Focus
⚔️ 33.0% · 🌾 67.0%
Skirmisher ×28 · Spearman ×7 · Knight ×4
Match map
Initial resources + every placement click. Lines = walls · curves = elevation contours. ◆ gold · ⬟ stone · ● berries · ✦ relic · ◌ wall gap
Your base· Open — opponent sealed themselves in
Scribey's base· ✓ Closed at 21:31 · 40t walls · no gate
Smoothed initial terrain · ◌ = detected wall gap · hover for details
Inputs per minute
— Fabrizio 094455 - - Scribey
Build order — Fabrizio 094455
First 150 of 167 actions detected
| 0:01 | Create | Villager (Male) |
| 0:01 | Create | Villager (Male) |
| 0:01 | Create | Villager (Male) |
| 0:02 | Build | House |
| 0:05 | Build | House |
| 0:07 | Create | Villager (Male) |
| 1:26 | Create | Villager (Male) |
| 1:46 | Build | Lumber Camp |
| 1:50 | Create | Villager (Male) |
| 2:17 | Create | Villager (Male) |
| 2:29 | Create | Villager (Male) |
| 2:29 | Create | Villager (Male) |
| 3:03 | Build | House |
| 3:21 | Create | Villager (Male) |
| 3:57 | Create | Villager (Male) |
| 3:58 | Create | Villager (Male) |
| 4:02 | Create | Villager (Male) |
| 4:02 | Create | Villager (Male) |
| 4:25 | Create | Villager (Male) |
| 4:25 | Create | Villager (Male) |
| 4:37 | Build | House |
| 4:57 | Create | Villager (Male) |
| 5:29 | Build | Mill |
| 5:34 | Create | Villager (Male) |
| 5:36 | Create | Villager (Male) |
| 5:53 | Create | Villager (Male) |
| 6:13 | Research | Loom |
| 7:21 | Research | Feudal Age |
| 7:21 | Research | Feudal Age |
| 7:24 | Build | Lumber Camp |
| 8:00 | Build | Barracks |
| 8:18 | Build | House |
| 8:21 | Build | House |
| 8:22 | Build | House |
| 8:39 | Create | Villager (Male) |
| 8:55 | Build | Mining Camp |
| 9:25 | Build | House |
| 9:31 | Age | Feudal Age |
| 9:33 | Create | Villager (Male) |
| 9:35 | Build | Archery Range |
| 9:43 | Research | Double-Bit Axe |
| 9:50 | Create | Spearman |
| 10:13 | Create | Villager (Male) |
| 10:19 | Build | Palisade Wall |
| 10:20 | Build | House |
| 10:26 | Build | Palisade Gate |
| 10:32 | Create | Archer |
| 10:40 | Create | Villager (Male) |
| 10:43 | Build | Blacksmith |
| 10:54 | Create | Villager (Male) |
| 11:01 | Create | Archer |
| 11:01 | Create | Archer |
| 11:17 | Build | House |
| 11:20 | Build | Palisade Wall |
| 11:27 | Research | Fletching |
| 11:32 | Create | Archer |
| 11:37 | Build | Palisade Wall |
| 11:40 | Create | Villager (Male) |
| 11:41 | Create | Villager (Male) |
| 12:01 | Create | Villager (Male) |
| 12:04 | Build | Farm |
| 12:19 | Create | Archer |
| 12:21 | Create | Villager (Male) |
| 12:25 | Build | Farm |
| 12:43 | Build | Farm |
| 12:50 | Create | Villager (Male) |
| 13:05 | Build | House |
| 13:33 | Create | Archer |
| 13:34 | Create | Villager (Male) |
| 13:38 | Build | House |
| 13:38 | Create | Villager (Male) |
| 13:50 | Create | Archer |
| 14:07 | Build | House |
| 14:07 | Create | Villager (Male) |
| 14:10 | Build | Farm |
| 14:15 | Build | Stable |
| 14:24 | Create | Archer |
| 14:33 | Build | Farm |
| 14:34 | Create | Villager (Male) |
| 14:37 | Build | Farm |
| 14:56 | Create | Archer |
| 14:59 | Create | Villager (Male) |
| 15:02 | Build | Palisade Wall |
| 15:22 | Build | House |
| 15:23 | Create | Scout Cavalry |
| 15:30 | Build | Farm |
| 15:38 | Create | Scout Cavalry |
| 15:40 | Create | Archer |
| 15:46 | Research | Horse Collar |
| 15:49 | Build | Farm |
| 15:56 | Create | Villager (Male) |
| 16:12 | Create | Scout Cavalry |
| 16:14 | Create | Villager (Male) |
| 16:16 | Build | House |
| 16:25 | Create | Villager (Male) |
| 16:29 | Build | Farm |
| 16:31 | Build | Farm |
| 16:45 | Create | Scout Cavalry |
| 16:47 | Create | Villager (Male) |
| 17:00 | Research | Padded Archer Armor |
| 17:03 | Create | Villager (Male) |
| 17:04 | Create | Archer |
| 17:15 | Create | Archer |
| 17:18 | Build | House |
| 17:29 | Create | Scout Cavalry |
| 17:41 | Create | Archer |
| 17:44 | Build | House |
| 17:45 | Build | Market |
| 17:47 | Build | House |
| 17:48 | Create | Villager (Male) |
| 17:50 | Build | Farm |
| 17:50 | Build | Farm |
| 18:13 | Create | Villager (Male) |
| 18:16 | Build | Farm |
| 18:35 | Create | Archer |
| 19:00 | Research | Wheelbarrow |
| 19:30 | Build | Farm |
| 19:31 | Build | Farm |
| 19:33 | Build | Lumber Camp |
| 20:27 | Create | Villager (Male) |
| 20:28 | Create | Villager (Male) |
| 20:53 | Create | Archer |
| 20:53 | Create | Archer |
| 20:59 | Build | Archery Range |
| 21:10 | Create | Archer |
| 21:32 | Research | Castle Age |
| 21:47 | Create | Archer |
| 22:01 | Build | Mining Camp |
| 22:51 | Create | Archer |
| 22:51 | Create | Archer |
| 23:21 | Create | Archer |
| 23:21 | Create | Archer |
| 23:39 | Create | Archer |
| 23:48 | Build | House |
| 23:57 | Create | Archer |
| 24:09 | Create | Villager (Male) |
| 24:12 | Age | Castle Age |
| 24:13 | Build | House |
| 24:14 | Research | Crossbowman (upgrade) |
| 24:15 | Research | Crossbowman (upgrade) |
| 24:15 | Research | Thumb Ring |
| 24:17 | Research | Bodkin Arrow |
| 24:21 | Create | Archer |
| 24:22 | Create | Archer |
| 24:22 | Create | Villager (Male) |
| 24:34 | Build | Siege Workshop |
| 25:02 | Create | Knight |
| 25:06 | Create | Archer |
| 25:07 | Create | Archer |
| 25:13 | Create | Archer |
Build order — Scribey
141 actions detected in the replay
| 0:00 | Create | Villager (Male) |
| 0:01 | Create | Villager (Male) |
| 0:02 | Build | House |
| 0:03 | Build | House |
| 0:23 | Create | Villager (Male) |
| 0:23 | Create | Villager (Male) |
| 1:06 | Create | Villager (Male) |
| 1:38 | Create | Villager (Male) |
| 2:31 | Create | Villager (Male) |
| 2:50 | Create | Villager (Male) |
| 3:06 | Build | Mule Cart |
| 3:28 | Create | Villager (Male) |
| 3:45 | Create | Villager (Male) |
| 4:10 | Create | Villager (Male) |
| 4:44 | Create | Villager (Male) |
| 4:44 | Create | Villager (Male) |
| 4:49 | Research | Loom |
| 4:50 | Build | House |
| 5:05 | Create | Villager (Male) |
| 5:22 | Build | House |
| 5:44 | Create | Villager (Male) |
| 6:05 | Create | Villager (Male) |
| 6:29 | Create | Villager (Male) |
| 6:40 | Create | Villager (Male) |
| 6:45 | Build | Mill |
| 7:20 | Create | Villager (Male) |
| 7:43 | Create | Villager (Male) |
| 8:15 | Create | Villager (Male) |
| 8:20 | Research | Feudal Age |
| 8:45 | Build | Barracks |
| 8:52 | Build | House |
| 9:09 | Create | Villager (Male) |
| 10:30 | Age | Feudal Age |
| 10:38 | Build | Archery Range |
| 10:49 | Create | Villager (Male) |
| 10:53 | Research | Double-Bit Axe |
| 10:56 | Research | Horse Collar |
| 11:11 | Create | Skirmisher |
| 11:20 | Build | House |
| 11:21 | Create | Skirmisher |
| 11:21 | Create | Villager (Male) |
| 11:24 | Build | Farm |
| 11:27 | Build | Farm |
| 11:29 | Build | Farm |
| 11:31 | Build | Farm |
| 11:36 | Create | Villager (Male) |
| 12:14 | Build | Blacksmith |
| 12:16 | Create | Villager (Male) |
| 12:20 | Build | Farm |
| 12:26 | Create | Skirmisher |
| 12:27 | Create | Villager (Male) |
| 12:39 | Build | Palisade Wall |
| 12:41 | Build | House |
| 12:46 | Create | Skirmisher |
| 12:49 | Create | Villager (Male) |
| 12:53 | Build | Farm |
| 13:05 | Research | Fletching |
| 13:19 | Research | Padded Archer Armor |
| 13:41 | Build | House |
| 14:05 | Create | Villager (Male) |
| 14:06 | Create | Villager (Male) |
| 14:08 | Create | Skirmisher |
| 14:24 | Build | House |
| 14:25 | Build | Palisade Wall |
| 14:26 | Build | Palisade Wall |
| 14:29 | Build | Palisade Wall |
| 14:33 | Create | Villager (Male) |
| 14:35 | Create | Skirmisher |
| 14:40 | Build | House |
| 14:42 | Build | Palisade Wall |
| 14:49 | Build | Palisade Wall |
| 15:01 | Build | Mule Cart |
| 15:07 | Build | Farm |
| 15:08 | Build | Farm |
| 15:09 | Build | Farm |
| 15:11 | Create | Skirmisher |
| 15:11 | Create | Villager (Male) |
| 15:15 | Create | Villager (Male) |
| 15:24 | Build | Palisade Wall |
| 15:30 | Build | Farm |
| 15:57 | Create | Skirmisher |
| 16:12 | Create | Villager (Male) |
| 16:17 | Build | Farm |
| 16:32 | Research | Wheelbarrow |
| 16:40 | Build | Palisade Wall |
| 16:42 | Build | Palisade Wall |
| 16:56 | Build | Farm |
| 16:56 | Build | Farm |
| 16:56 | Build | Farm |
| 16:57 | Build | Farm |
| 17:14 | Build | Market |
| 17:37 | Create | Skirmisher |
| 17:53 | Create | Skirmisher |
| 18:10 | Build | Archery Range |
| 18:14 | Create | Villager (Male) |
| 18:30 | Build | Market |
| 18:38 | Build | House |
| 18:51 | Research | Castle Age |
| 18:53 | Create | Skirmisher |
| 18:55 | Create | Skirmisher |
| 19:17 | Create | Skirmisher |
| 19:34 | Create | Skirmisher |
| 19:34 | Create | Skirmisher |
| 19:35 | Create | Spearman |
| 20:04 | Create | Spearman |
| 20:17 | Create | Spearman |
| 20:33 | Create | Spearman |
| 21:03 | Create | Spearman |
| 21:15 | Create | Skirmisher |
| 21:15 | Create | Skirmisher |
| 21:19 | Create | Spearman |
| 21:31 | Age | Castle Age |
| 21:38 | Research | Bodkin Arrow |
| 21:44 | Create | Spearman |
| 22:23 | Create | Skirmisher |
| 22:24 | Create | Skirmisher |
| 22:30 | Research | Elite Skirmisher (upgrade) |
| 22:43 | Build | Stable |
| 23:17 | Create | Knight |
| 23:19 | Create | Villager (Male) |
| 23:28 | Create | Skirmisher |
| 23:28 | Create | Skirmisher |
| 23:44 | Create | Knight |
| 23:55 | Build | House |
| 23:57 | Create | Villager (Male) |
| 23:58 | Build | Farm |
| 24:16 | Create | Skirmisher |
| 24:16 | Create | Skirmisher |
| 24:17 | Create | Villager (Male) |
| 24:21 | Build | Farm |
| 24:23 | Research | Bow Saw |
| 24:36 | Create | Knight |
| 24:53 | Create | Skirmisher |
| 24:53 | Create | Skirmisher |
| 25:32 | Create | Knight |
| 25:34 | Create | Villager (Male) |
| 25:35 | Create | Skirmisher |
| 25:35 | Create | Skirmisher |
| 25:40 | Build | Palisade Gate |
| 25:50 | Create | Skirmisher |
| 25:50 | Create | Villager (Male) |
Match timeline
| 8:00 | Fabrizio 094455 · first_building Barracks |
| 8:45 | Scribey · first_building Barracks |
| 9:31 | Fabrizio 094455 · age_up feudal |
| 9:35 | Fabrizio 094455 · first_building Archery Range |
| 10:19 | Fabrizio 094455 · wall_segment Palisade Wall x1 |
| 10:30 | Scribey · age_up feudal |
| 10:38 | Scribey · first_building Archery Range |
| 11:20 | Fabrizio 094455 · wall_segment Palisade Wall x10 |
| 11:37 | Fabrizio 094455 · wall_segment Palisade Wall x10 |
| 12:39 | Scribey · wall_segment Palisade Wall x1 |
| 14:15 | Fabrizio 094455 · first_building Stable |
| 14:25 | Scribey · wall_segment Palisade Wall x1 |
| 14:26 | Scribey · wall_segment Palisade Wall x1 |
| 14:29 | Scribey · wall_segment Palisade Wall x8 |
| 14:42 | Scribey · wall_segment Palisade Wall x4 |
| 14:49 | Scribey · wall_segment Palisade Wall x7 |
| 15:02 | Fabrizio 094455 · wall_segment Palisade Wall x13 |
| 15:24 | Scribey · wall_segment Palisade Wall x10 |
| 16:40 | Scribey · wall_segment Palisade Wall x6 |
| 16:42 | Scribey · wall_segment Palisade Wall x3 |
| 20:31 | Fabrizio 094455 · first_market_buy 100 food |
| 21:31 | Scribey · age_up castle |
| 22:26 | Scribey · first_market_sell 100 wood |
| 22:28 | Scribey · first_market_buy 100 food |
| 22:43 | Scribey · first_building Stable |
| 24:12 | Fabrizio 094455 · age_up castle |
| 24:34 | Fabrizio 094455 · first_building Siege Workshop |
| 26:23 | Fabrizio 094455 · first_market_sell 100 food |
| 26:27 | Fabrizio 094455 · first_building Monastery |
| 26:40 | Scribey · resign |
[ AI ANALYSIS · 1 CREDIT ]
What really happened in this match?
Wolo.gg analyzes every decision: build order, eco, micro, common mistakes by bracket. Personalized analysis on WhatsApp or Discord in 30 seconds.
Civ guide
Ethiopians
Perfil
Jugador #5843090